 Dungeon Crawl Stone Soup version 0.29.0-4-gdea44cf6ec (webtiles) character file.

Game seed: 15399255490708580344

2 qw the Sneak (level 1, -3/14 HPs)
             Began as a Gargoyle Delver on Sept 10, 2022.
             Killed from afar by a steam dragon (17 damage)
             ... with a ball of steam
             ... on level 8 of the Dungeon.
             The game lasted 00:00:02 (82 turns).

qw the Sneak (Gargoyle Delver)                        Turns: 82, Time: 00:00:03

Health: -3/14      AC:  5    Str: 15    XL:     1   Next: 40%
Magic:  1/1        EV: 11    Int: 10    God:
Gold:   12         SH:  0    Dex: 11    Spells: 0/0 levels left

rFire   . . .      SeeInvis .   a - +0 hand axe
rCold   . . .      Faith    .   (no shield)
rNeg    + . .      Spirit   .   b - +0 leather armour
rPois   inf        Reflect  .   (no helmet)
rElec   +          Harm     .   (no cloak)
rCorr   .          Rampage  .   (no gloves)
Will    .....                   (no boots)
Stlth   +++.......              (no amulet)
HPRegen 0.04/turn               (no ring)
MPRegen 0.07/turn               (no ring)

@: no status effects
A: sickness immunity, AC +2, negative energy resistance 1, electricity
resistance, torment resistance 1, petrification resistance
a: no special abilities


You were on level 8 of the Dungeon.
You visited 1 branch of the dungeon, and saw 2 of its levels.

You collected 12 gold pieces.


Innate Abilities, Weirdness & Mutations

You are immune to sickness and miasma.
Your stone body is resilient. (AC +2)
You are immune to poison.
You resist negative energy. (rN+)
You are resistant to electric shocks. (rElec)
You are resistant to unholy torment.
You are immune to petrification.


   Skills:
 - Level 3.2 Fighting
 + Level 2.0 Axes
 - Level 1.5 Dodging
 - Level 5.4 Stealth


You couldn't memorise any spells.
You didn't know any spells.
Your spell library was empty.

Inventory:

Hand Weapons
 a - a +0 hand axe (weapon)
 h - a +0 club
Armour
 b - a +0 leather armour (worn)
 i - a +0 pair of boots
Wands
 g - a wand of digging (3)
Scrolls
 c - a scroll of fog
 d - a scroll of magic mapping
 e - a scroll of fear
Potions
 f - a potion of haste

Dungeon Overview and Level Annotations

Branches:
Dungeon (8/15)
 Temple: D:4-7         Lair: D:8-11

Altars:

Annotations:
D:8 1 transporter, qw's ghost, novice GrBe


Message History

Assign waypoint to what number? (0-9) Waypoint 2 assigned to D:5.
0 ||| PLANNING D:1-11 A sourceless malevolence fills the Dungeon...
You fall into a shaft and drop 3 floors!
The shaft crumbles and collapses.
You hear the roar of battle.
There is an entrance to a bailey on this level.
Hurry and find it before the portal closes forever!
Found a falchion.
Existing waypoints: (2) D:5 Assign waypoint to what number? (0-9, D - delete waypoint) Waypoint 1 assigned to D:8.
Found a stone staircase leading down.
Found an escape hatch in the ceiling.
You now have 12 gold pieces.
A kobold comes into view.
It is wielding a +0 club and quivering poisoned darts.
The kobold throws a poisoned dart.
The poisoned dart hits you!
You hit the kobold.
You kill the kobold!
h - a +0 club You see here 6 poisoned darts. 2 kobolds come into view.
The kobold shouts!
You hear a shout!
42 ||| Stepping ~*~*~tactically~*~*~ (stealth).
i - a +0 pair of boots The kobold hits you but does no damage.
You hit the kobold.
You kill the kobold!
You hear the faint creaking of a portcullis nearby.
Your Axes skill increases to level 2!
The quasit gives a chilling moan.
You hear a chilling moan.
A steam dragon comes into view.
The steam dragon hisses angrily.
Enter note: You see here a +6 ring of intelligence.
The steam dragon breathes steam at you. The ball of steam hits you!
Ouch! That really hurt!
You die...

..#........#
#..........# #
##..######.# ..
##.# #.# ...
#.######.#
##.5#........#
#..^#..#######
..#.##.#
############# ...
#.#####..=.@D......
.#.
#.......###########
.# #..#######
###...## ....##
##.# #. #


You could see a steam dragon (catching breath).

Vanquished Creatures
  2 kobolds (D:8)
2 creatures vanquished.

Notes
Turn   | Place    | Note
-------+----------+-------------------------------------------
     0 | D:5      | qw the Gargoyle Delver began the quest for the Orb.
     0 | D:5      | Reached XP level 1. HP: 14/14 MP: 1/1
     0 | D:5      | 0 ||| qw: Version: 0.1-a-116-g5d60599
     0 | D:5      | 0 ||| qw: Game counter: 9496
     0 | D:5      | 0 ||| qw: Always use a shield: true
     0 | D:5      | 0 ||| qw: God list: Okawaru
     0 | D:5      | 0 ||| qw: Allow faded altars: false
     0 | D:5      | 0 ||| qw: Do Orc after D:15 true
     0 | D:5      | 0 ||| qw: Do second Lair branch before Depths: true
     0 | D:5      | 0 ||| qw: Lair rune preference: random
     0 | D:5      | 0 ||| qw: Plans: Normal
     0 | D:5      | 0 ||| PLANNING D:1-11
     2 | D:5      | You fall into a shaft and drop 3 floors!
    42 | D:8      | 42 ||| Stepping ~*~*~tactically~*~*~ (stealth).
    61 | D:8      | Found a transporter.
    64 | D:8      | Noticed a quasit
    66 | D:8      | Noticed a quasit
    67 | D:8      | Noticed qw's ghost (novice GrBe)
    79 | D:8      | Noticed a steam dragon
    82 | D:8      | Killed from afar by a steam dragon

Levels and vault maps discovered:
D:5:      cheibrodos_thug_alley, layout_basic,
          minmay_temple_entry_statues_fountains, ebering_ghost_reflecting_pool,
          sigmund_edmund_badplayer, uniq_eustachio, uniq_crazy_yiuf_cottage
D:8:      layout_loops_ring, nicolae_overflow_crystal_walls,
          gammafunk_ghost_stat_death, enter_bailey_3, minmay_manual_mess

Skill      XL: |  1 |
---------------+----+-----
Axes           | 2 |  2.0
Fighting       | |  3.2
Dodging        | |  1.5
Stealth        | |  5.4

Action                   || total
-------------------------++-------
Melee: Hand axe          ||     2
Armor: Leather armour    ||     1

Table legend:
 A = Non-vault XP
 B = Vault XP
 C = Vault XP percentage of total XP
 D = Non-vault monster count
 E = Vault monster count
 F = Vault count percentage of total count
                 A         B        C        D         E       F
            +---------+---------+-------+---------+---------+-------
      Total |       4 |       0 |   0.0 |       2 |       0 |   0.0
            +---------+---------+-------+---------+---------+-------
        D:8 |       4 |       0 |   0.0 |       2 |       0 |   0.0
            +---------+---------+-------+---------+---------+-------
